 Dungeon Crawl Stone Soup version 0.13.0-59-g13bd910 (webtiles) character file.

389 Brokkr the Skirmisher (level 5, -13/47 HPs)
             Began as a Minotaur Fighter on Nov 17, 2013.
             Mangled by an ogre
             ... wielding a +0,+0 giant spiked club
              (20 damage)
             ... on Level 3 of the Dungeon.
             The game lasted 00:12:00 (2961 turns).

Brokkr the Skirmisher (Minotaur Fighter)            Turns: 2961, Time: 00:12:00

HP -13/47        AC  9     Str 21      XL: 5   Next: 74%
MP   1/1         EV  5     Int  5      God:
Gold 156         SH 19     Dex 10      Spells:  0 memorised,  4 levels left

Res.Fire  : . . .   See Invis. : .   a - +0 hand axe {=f}
Res.Cold  : . . .   Warding    : .   t - +0 chain mail
Life Prot.: . . .   Conserve   : .   c - +0 shield
Res.Poison: .       Res.Corr.  : .   (helmet restricted)
Res.Elec. : .       Clarity    : .   (no cloak)
Sust.Abil.: . .     Spirit.Shd : .   (no gloves)
Res.Mut.  : .       Stasis     : .   (no boots)
Res.Rott. : .       Flight     : .   (no amulet)
Saprovore : . . .                    (no ring)
                                     (no ring)

@: slightly resistant to hostile enchantments, extremely unstealthy
A: retaliatory headbutt, horns 2
a: no special abilities


You were on level 3 of the Dungeon.
You were very hungry.

You visited 1 branch of the dungeon, and saw 4 of its levels.

You collected 136 gold pieces.

Inventory:

Hand weapons
 a - a +0,+0 hand axe (weapon) {=f}
Armour
 b - a +0 scale mail
 c - a +0 shield (worn)
 t - a +0 chain mail (worn)
Comestibles
 d - 3 bread rations
 q - a rambutan
 w - a meat ration
Scrolls
 e - 2 scrolls of identify {unknown}
 h - a scroll of enchant weapon II {unknown}
 i - a scroll of curse armour {unknown}
 m - 2 scrolls of noise {unknown}
 n - a scroll of magic mapping {unknown}
 y - a scroll of curse jewellery {unknown}
 z - a scroll of teleportation {unknown}
Jewellery
 l - an uncursed ring of positive energy {unknown}
 v - an uncursed amulet of the gourmand {unknown}
Potions
 f - 2 potions of curing
 g - a potion of beneficial mutation {unknown}
 j - a potion of confusion {unknown}
 k - a potion of restore abilities {unknown}
 o - a potion of heal wounds {unknown}
 p - a potion of cure mutation {unknown}
 s - a potion of paralysis {unknown}
 u - a potion of degeneration {unknown}
 A - a potion of agility {unknown}
 B - a potion of might {unknown}


   Skills:
 * Level 5.5 Fighting
 * Level 4.1 Axes
 + Level 4.7 Armour
 + Level 4.7 Shields


You had 4 spell levels left.
You didn't know any spells.

Dungeon Overview and Level Annotations

Branches:
Dungeon (4/27)
 Temple: D:4-7

Altars:


Innate Abilities, Weirdness & Mutations

You reflexively headbutt those who attack you in melee.
You have a pair of horns on your head.


Message History

You start resting.
You are feeling very hungry.
You climb downwards.
The ogre completely misses you.
There is a stone staircase leading up here.
You hit the ogre.
The ogre is moderately wounded.
The ogre hits you with a giant spiked club!
You hit the ogre. You headbutt the ogre!
The ogre is almost dead.
The ogre hits you with a giant spiked club!
* * * LOW HITPOINT WARNING * * *
You hit the ogre. Your headbutt misses the ogre.
The ogre is almost dead.
The ogre barely misses you.
You climb upwards.
There is a stone staircase leading down here.
You hit the ogre.
The ogre is almost dead.
The ogre hits you with a giant spiked club!
You die...

############.###### #.#..# .....#
#.........# #.#..# .....#
#.##.####.# #.#..# .....# #.##.#
#.# #.#..# .....####.##+####.#
#.#..#
........)......##.###.#..########
...............##................
...............######.#..########
................@O>..............
##....................###########
#.............######## #
#.............# # #.............#
# #.............# #
#.............# # #.............#
# #.............#


You could see an ogre.

Vanquished Creatures
  An orc priest (D:3)
  An orc wizard (D:3)
  Terence (D:2)
  A giant mite (D:1)
  8 adders
  4 worms
  An adder skeleton (D:4)
  An ooze (D:2)
  4 orcs
  6 bats
  3 hobgoblins
  4 giant cockroaches
  4 giant geckos
  6 goblins
  7 kobolds
  6 rats
58 creatures vanquished.

Notes
Turn   | Place    | Note
--------------------------------------------------------------
     0 | D:1      | Brokkr, the Minotaur Fighter, began the quest for the Orb.
     0 | D:1      | Reached XP level 1. HP: 19/19 MP: 0/0
   125 | D:1      | Reached XP level 2. HP: 21/26 MP: 0/0
   405 | D:1      | Reached skill level 4 in Fighting
   762 | D:2      | Reached XP level 3. HP: 30/33 MP: 1/1
  1067 | D:2      | Noticed Terence
  1088 | D:2      | Killed Terence
  1088 | D:2      | Reached skill level 5 in Fighting
  1088 | D:2      | Reached XP level 4. HP: 26/40 MP: 1/1
  1575 | D:3      | HP: 2/40 [orc priest/divine providence (13)]
  1578 | D:3      | Reached XP level 5. HP: 5/47 MP: 1/1
  2642 | D:4      | Noticed an ogre
  2649 | D:4      | HP: 1/47 [ogre/giant spiked club (27)]
  2961 | D:3      | Mangled by an ogre

Action                   |  1- 3 |  4- 6 || total
-------------------------+-------+-------++-------
Melee: Hand axe          |   109 |    95 ||   204
  Use: Potion            |       |     3 ||     3
